Unix NetHack Version 5.0.0-0 post-release - last build May 31 2026 23:59:36 (970b52f25bf058293b47ddfd14a1e40e571c508c,branch:main).

Game began 2026-05-31 17:33:56, ended 2026-06-01 01:14:06.

IanCurtis, chaotic male elven Wizard

                                   ----
                                   |..|   ----
                                  --..--- |..--
                                ---.....|--...--
               ----           ---..@S...--.....|
  ----        --..|          --...Z.......<....|
  |..|     ----...---        |........[......---
  |.)-------........----------..........).h.--
  --..--..^............[............`----.%.|
   |......-----.....-------).........|  |...|  --- |
   |.....-|---|.......---...........--  |...-- ....|
   |......--..--.--...............*.-------.......-
   |..........................^...................|
   --..........------..........G...^..-------.....|
    |.........--    ---.................--   ..----
    |....--...|       |..................--  ..|
    --...|--..-----   ----................---.-|
     --.-- |..)...|      --.--.|.|.............|
      ---  --....--       ---------............|
            ------                ---.|.--------
                                    -----
IanCurtis the Thaumaturge  St:13 Dx:14 Co:11 In:20 Wi:10 Ch:10  Chaotic
Dlvl:10 $:341 HP:0(56) Pw:0(77) AC:9  Xp:7 T:5227 

Latest messages:
 Really save? [yn] (n) y
 Saving...
 Restoring save file...
 Hello IanCurtis, the elven Wizard, welcome back to NetHack!
 You are lucky!  Full moon tonight.
 You stop searching.
 Showing known terrain only...
 (For instructions type a '?')
 Can't find dungeon feature '>'.
 Please move the cursor to a monster, object or location.
 (For instructions type a '?')
 You are momentarily blinded by a flash of light!
 You hear a deafening roar!
 A gnome lord suddenly appears next to you!
 A gargoyle suddenly appears next to you!
 What do you want to drink? [f-hqsvENS or ?*] v
 You feel better.
 You can see again.
 You can hear again.
 The gnome lord picks up 5 daggers.
 What do you want to write with? [- acenuwCDFIKM or ?*] -
 You write in the dust with your fingertip.
 What do you want to write in the dust here? Elbereth
 The snake turns to flee.
 You see the snake slither under a dwarvish cloak.
 The gnome zombie turns to flee.
 The snake bites!
 You hit the snake!
 The snake bites!
 In what direction? l
 The spell hits the snake!
 The snake bites!
 You hit the snake!
 It hits!
 It hits again!
 It bites!
 The snake bites!
 In what direction? l
 The spell misses the snake.
 It hits!
 It hits again!
 It bites!
 The dwarf picks up a dwarvish cloak.
 The snake bites!
 What do you want to write with? [- acenuwCDFIKM or ?*] -
 You write in the dust with your fingertip.
 What do you want to write in the dust here? Elbereth
 The snake bites!
 You die...
 Do you want your possessions identified? [ynq] (y) q

Inventory:
 Coins    ('$')
  $ - 341 gold pieces
 Weapons  (')')
  w - a +0 crossbow bolt
  a - a blessed +1 quarterstaff (weapon in hands)
 Armor    ('[')
  x - an uncursed +0 cloak of invisibility
  b - an uncursed +0 cloak of magic resistance (being worn)
 Comestibles  ('%')
  B - 2 uncursed tripe rations
  T - an uncursed lizard corpse
 Scrolls  ('?')
  r - a blessed scroll of blank paper
  p - 2 uncursed scrolls of blank paper
  y - an uncursed scroll of confuse monster
  t - an uncursed scroll of create monster
  P - an uncursed scroll of enchant armor
  i - a blessed scroll of identify
  z - an uncursed scroll of identify
  H - an uncursed scroll of light
  j - 2 uncursed scrolls of remove curse
 Potions  ('!')
  S - an uncursed potion of extra healing
  s - an uncursed potion of gain energy
  q - 2 uncursed potions of healing
  f - an uncursed potion of oil
  N - a blessed potion of see invisible
  E - an uncursed potion of see invisible
  g - an uncursed potion of water
  h - an uncursed potion of water
 Rings    ('=')
  u - an uncursed ring of conflict
  D - an uncursed ring of free action
  e - an uncursed ring of shock resistance
  F - an uncursed ring of stealth
 Wands    ('/')
  K - a wand of cold (0:3)
  c - a wand of magic missile (0:5)
  M - a wand of magic missile (0:2)
  I - a wand of striking (0:3)
 Tools    ('(')
  o - an uncursed tooled horn
  k - an uncursed lock pick
  l - an uncursed magic lamp named magic
  n - a magic marker (0:22)
  G - a cursed oil lamp
  d - a +0 pick-axe
  A - an uncursed tin whistle
  C - an uncursed towel
  J - a blessed partly used wax candle

IanCurtis the Wizard's attributes:

Background:
 You were a Thaumaturge, a level 7 male elven Wizard.
 You were chaotic, on a mission for Anhur
 who was opposed by Ptah (lawful) and Thoth (neutral).
 You were right-handed.
 You were in the Gnomish Mines, on level 10.
 You entered the dungeon 5227 turns ago.
 It was nighttime.
 There was a full moon in effect when your adventure ended.
 You had 1279 experience points, 1 more was needed to attain level 8.

Basics:
 You had 0 out of 56 hit points.
 You had 0 out of 77 energy points (spell power).
 Your armor class was 9.
 Your wallet contained 341 zorkmids.
 Autopickup was off.

Final Characteristics:
 Your strength was 13 (peak:15, limit:18).
 Your dexterity was 14 (limit:18).
 Your constitution was 11 (limit:16).
 Your intelligence was 20 (limit:20).
 Your wisdom was 10 (limit:20).
 Your charisma was 10 (limit:18).

Final Status:
 You weren't hungry.
 You were unencumbered.
 You were wielding a quarterstaff.
 You were skilled in quarterstaff.

Final Attributes:
 You were piously aligned.
 You were magic-protected.
 You were sleep resistant.
 You were telepathic.
 You had infravision.
 You were warded.
 You were lucky.
 You are dead.

Miscellaneous:
 You didn't encounter any bones levels.
 Total elapsed playing time was 47 minutes and 40 seconds.

Major events:
 Turn
    1: IanCurtis the chaotic male elven Wizard entered the dungeon
 1535: entered the Gnomish Mines
 1571: attained the rank of Conjurer (level 3)
 3522: attained the rank of Thaumaturge (level 6)
 3691: reached Mine Town
 5227: killed by a snake

Spells:
 Name                 Level Category     Fail Retention
 force bolt             1   attack         0%   71%-75%
 detect unseen          3   divination    54%   51%-75%
 healing                1   healing        0%  76%-100%
 create monster         2   clerical      15%  76%-100%

Skills:
 Fighting Skills
   bare handed combat [Unskilled]
   riding             [Unskilled]
 Weapon Skills
   dagger             [Unskilled]
   knife              [Unskilled]
   axe                [Unskilled]
   short sword        [Unskilled]
   club               [Unskilled]
   mace               [Unskilled]
   quarterstaff       [Skilled]
   polearms           [Unskilled]
   spear              [Unskilled]
   trident            [Unskilled]
   sling              [Unskilled]
   dart               [Unskilled]
   shuriken           [Unskilled]
 Spellcasting Skills
   attack spells      [Skilled]
   healing spells     [Unskilled]
   divination spells  [Unskilled]
   enchantment spells [Basic]
   clerical spells    [Unskilled]
   escape spells      [Unskilled]
   matter spells      [Unskilled]

Voluntary challenges:
 Character rerolling was not enabled.
 You never genocided any monsters.
 You never polymorphed an object.
 You never changed form.
 You used no wishes.
Achievements:
 You entered a shop.
 You entered the Gnomish Mines.
 You attained the rank of Conjurer.
 You attained the rank of Thaumaturge.
 You entered Minetown.
 You entered a temple.

 The Dungeons of Doom: levels 1 to 4
    Level 1:
    Level 2:
       A fountain, a sink.
    Level 3: "vault"
       A general store, a fountain.
    Level 4:
       A sink, a grave.
       Stairs down to The Gnomish Mines.
 The Gnomish Mines: levels 5 to 10
    Level 5:
    Level 6:
    Level 7:
       Many shops, a temple and an altar, some fountains.
    Level 8:
    Level 9:
    Level 10: <- You were here.
       Final resting place for
          you, killed by a snake.


Vanquished creatures:
  2 small mimics
  a giant beetle
  a leprechaun
  a gold golem
  2 lizards
  a raven
  a rock piercer
  a pony
  a fog cloud
  a yellow light
  8 gnome leaders
  3 gnomish wizards
  2 kobold mummies
  a ghoul
  a paper golem
  6 giant ants
  4 floating eyes
 11 dwarves
  a kobold shaman
  a centipede
  a giant bat
 an orc zombie
  a werejackal
  5 iguanas
  6 killer bees
 an acid blob
  a coyote
  2 hobbits
  5 manes
  a giant rat
  a cave spider
  a brown mold
 37 gnomes
  4 garter snakes
  7 jackals
  a fox
  2 goblins
  2 sewer rats
  7 grid bugs
  3 lichens
  a kobold zombie
  6 newts
146 creatures vanquished.

No species were genocided or became extinct.

Game over:
                       ----------
                      /          \
                     /    REST    \
                    /      IN      \
                   /     PEACE      \
                  /                  \
                  |    IanCurtis     |
                  |      341 Au      |
                  |   killed by a    |
                  |      snake       |
                  |                  |
                  |                  |
                  |       2026       |
                 *|     *  *  *      | *
        _________)/\\_//(\/(/\)/\//\/|_)_______

Goodbye IanCurtis the Wizard...

You died in The Gnomish Mines on dungeon level 10 with 5883 points,
and 341 pieces of gold, after 5227 moves.
You were level 7 with a maximum of 56 hit points when you died.

